 Dungeon Crawl Stone Soup version 0.15.0-9-g1a96a59 (webtiles) character file.

201 zercules the Ruffian (level 5, 0/50 HPs)
             Began as a Troll Monk on Aug 31, 2014.
             Succumbed to a worker ant's poison
             ... on Level 4 of the Dungeon.
             The game lasted 00:06:45 (1890 turns).

zercules the Ruffian (Troll Monk)                   Turns: 1890, Time: 00:06:45

HP   0/50        AC  5     Str 19      XL: 5   Next: 50%
MP   2/2         EV 10     Int  7      God:
Gold 129         SH  0     Dex 12      Spells:  0 memorised,  4 levels left

rFire  . . .     SeeInvis .       - Unarmed
rCold  . . .     Clarity  .     a - +0 robe
rNeg   . . .     rCorr    .     (shield restricted)
rPois  .         rRot     .     (helmet restricted)
rElec  .         Spirit   .     (no cloak)
SustAb .         Warding  .     (gloves unavailable)
rMut   .         Stasis   .     (boots unavailable)
Gourm  +                        (no amulet)
MR     .....                    (no ring)
                                (no ring)

@: lethally poisoned, not resistant to hostile enchantments, very unstealthy
A: unfitting armour, claws 3, fast metabolism 3, gourmand, regeneration 2,
saprovore 2, shaggy fur 1, tough skin 2
a: no special abilities


You were on level 4 of the Dungeon.
You were completely stuffed.

You visited 1 branch of the dungeon, and saw 4 of its levels.

You collected 129 gold pieces.


Innate Abilities, Weirdness & Mutations

You are too large for most types of armour.
You have claws for hands.
Your metabolism is lightning-fast.
You like to eat raw meat.
You heal very quickly.
You can eat rotten meat.
You are covered in fur (AC +1).
You have very tough skin (AC +2).


   Skills:
 - Level 2.4 Fighting
 - Level 2.4 Dodging
 - Level 1.1 Stealth
 + Level 6.8 Unarmed Combat


You had 4 spell levels left.
You didn't know any spells.

Dungeon Overview and Level Annotations

Branches:
Dungeon (4/15)
 Temple: D:4-7

Altars:
Dithmenos
Elyvilon

Inventory:

Armour
 a - a +0 robe (worn)
Magical devices
 q - a wand of hasting (2) {unknown}
Comestibles
 b - 2 meat rations
 f - 2 bread rations
Scrolls
 c - 2 scrolls of fear {unknown}
 g - 5 scrolls of identify {unknown}
 j - 3 scrolls of enchant weapon {unknown}
 k - a scroll of recharging {unknown}
 n - a scroll of fog {unknown}
 o - a scroll of remove curse {unknown}
 r - a scroll of enchant armour {unknown}
Jewellery
 e - an uncursed ring of fire {unknown}
 p - an uncursed ring of flight {unknown}
Potions
 h - a potion of haste {unknown}
 i - a potion of resistance {unknown}
 l - a potion of flight {unknown}
 m - a potion of curing {unknown}
 s - a potion of heal wounds {unknown}

. #. #.# #.# #### ###.#
... .... .. ##.##.#
##W..#.# #...@..#
##.$.#.....?..
##.########. #.# #.#
#####'##
#.###......###### ##.
.................. ...
#########.#############.#


You could see a phantom.


Message History

You closely miss the worker ant. The worker ant bites you.
You are poisoned.
The worker ant poisons you!
You closely miss the phantom.
You feel sick. The worker ant closely misses you.
The phantom hits you but does no damage.
You scratch the phantom but do no damage.
You feel sick. The worker ant barely misses you.
The phantom blinks!
You scratch the phantom.
The phantom is lightly damaged.
You feel sick. The worker ant bites you. The phantom hits you!
You barely miss the phantom.
The phantom is lightly damaged.
The worker ant bites you.
* * * LOW HITPOINT WARNING * * *
You are more poisoned.
The worker ant poisons you!
The phantom blinks!
You scratch the worker ant.
The worker ant is lightly wounded.
You feel sick.
The worker ant bites you but does no damage.
You scratch the worker ant.
The worker ant is moderately wounded.
You feel sick. The worker ant bites you.
* * * LOW HITPOINT WARNING * * *
You closely miss the worker ant.
The worker ant is moderately wounded.
You feel sick.
The worker ant bites you but does no damage.
The phantom hits you but does no damage.
You scratch the worker ant.
The worker ant is severely wounded.
You feel sick. The worker ant barely misses you. The phantom hits you.
* * * LOW HITPOINT WARNING * * *
You closely miss the worker ant.
The worker ant is severely wounded.
The worker ant bites you.
* * * LOW HITPOINT WARNING * * *
The phantom blinks!
The worker ant barely misses you.
You scratch the worker ant but do no damage.
The worker ant is severely wounded.
You feel sick. The worker ant barely misses you.
You barely miss the worker ant.
The worker ant is severely wounded.
You feel sick. The worker ant misses you.
You feel sick.
You claw the worker ant!
You kill the worker ant!
You feel sick.
Drink which item? (? for menu, Esc to quit)
Okay, then.
You claw the phantom!
The phantom is heavily damaged.
You feel sick.
The phantom blinks!
You barely miss the phantom.
The phantom is heavily damaged.
The phantom hits you but does no damage.
You closely miss the phantom.
The phantom is heavily damaged.
You feel sick.
You barely miss the phantom.
The phantom is heavily damaged.
The phantom barely misses you.
You miss the phantom.
The phantom is heavily damaged.
You feel sick. The phantom hits you.
* * * LOW HITPOINT WARNING * * *
The phantom blinks!
Drink which item? (? for menu, Esc to quit)
Magic courses through your body.
It was a potion of magic.
You die...

Action                   |  1- 3 |  4- 6 || total
-------------------------+-------+-------++-------
Melee: Unarmed           |    88 |    98 ||   186
  Use: Potion            |       |     1 ||     1
 Stab: Sleeping          |     1 |       ||     1
  Eat: Chunk             |    10 |    13 ||    23

Vault maps used:
D:1:      minmay_arrival_three_doors
D:2:      minmay_misc_feat_rows
D:3:      elyvilon_altar_5, nicolae_dithmenos_shadow_blocks
D:4:      roderic_lattice_a, minmay_ruptured, uniq_iyjb

Notes
Turn   | Place    | Note
--------------------------------------------------------------
     0 | D:1      | zercules, the Troll Monk, began the quest for the Orb.
     0 | D:1      | Reached XP level 1. HP: 22/22 MP: 1/1
   241 | D:1      | Reached XP level 2. HP: 27/29 MP: 1/1
   543 | D:2      | Reached skill level 5 in Unarmed Combat
   565 | D:2      | Reached XP level 3. HP: 36/36 MP: 2/2
   898 | D:2      | Reached XP level 4. HP: 42/44 MP: 2/2
  1188 | D:3      | Found a white marble altar of Elyvilon.
  1273 | D:3      | Found a shadowy altar of Dithmenos.
  1421 | D:3      | Reached skill level 6 in Unarmed Combat
  1429 | D:3      | HP: 11/44 [orc/club (3)]
  1755 | D:4      | Reached XP level 5. HP: 50/50 MP: 2/2
  1767 | D:4      | Noticed Ijyb
  1777 | D:4      | Killed Ijyb
  1868 | D:4      | Noticed a phantom
  1879 | D:4      | HP: 10/50 [phantom (6)]
  1884 | D:4      | HP: 6/50 [poisoned by a worker ant]
  1889 | D:4      | HP: 6/50 [poisoned by a worker ant]
  1889 | D:4      | HP: 1/50 [phantom (5)]
  1890 | D:4      | Succumbed to a worker ant's poison

Vanquished Creatures
  An orc priest (D:3)
  A worker ant (D:4)
  Ijyb (D:4)
  4 adders
  A giant mite (D:4)
  2 worms
  4 giant geckos
  14 orcs
  6 bats
  3 giant cockroaches
  5 goblins
  3 hobgoblins (D:2)
  12 kobolds
  2 quokkas
  4 rats
63 creatures vanquished.
